 Dungeon Crawl Stone Soup version 0.20-a0-11-ga97c7b5 (webtiles) character file.

72 asthiss the Cudgeler (level 4, -1/37 HPs)
             Began as a Human Berserker on Nov 2, 2016.
             Was a Believer of Trog.
             Slain by a gnoll
             ... wielding a +0 halberd of venom
              (2 damage)
             ... on level 2 of the Dungeon.
             The game lasted 00:09:52 (2248 turns).

asthiss the Cudgeler (Human Berserker)              Turns: 2248, Time: 00:09:53

Health: -1/37      AC:  3    Str: 18    XL:     4   Next: 48%
Magic:  4/4        EV: 12    Int:  7    God:    Trog [**....]
Gold:   139        SH:  0    Dex: 13    Spells: 0 memorised, 3 levels left

rFire  . . .     SeeInvis .     a - +0 mace
rCold  . . .     Gourm    .     d - +0 leather armour
rNeg   . . .     Faith    .     (no shield)
rPois  +         Spirit   .     (no helmet)
rElec  .         Reflect  .     (no cloak)
rCorr  .         Harm     .     (no gloves)
MR     .....                    (no boots)
Stlth  +.........               (no amulet)
                                (no ring)
                                (no ring)

@: no status effects
A: poison resistance
a: Berserk, Trog's Hand, Burn Spellbooks, Renounce Religion


You were on level 2 of the Dungeon.
You worshipped Trog.
Trog was pleased with you.
You were not hungry.

You visited 1 branch of the dungeon, and saw 2 of its levels.

You collected 139 gold pieces.

Inventory:

Hand Weapons
 a - a +0 mace (weapon)
 i - a +4 dagger
Armour
 d - a +0 leather armour (worn)
 e - a +0 robe
 f - a +0 chain mail
Jewellery
 b - an uncursed ring of protection from fire {unknown}
Scrolls
 g - a scroll of identify
 j - a scroll of teleportation
 l - a scroll of remove curse
Potions
 h - a potion of haste
 k - a potion of agility
Comestibles
 c - 2 bread rations
 m - 2 chunks of flesh


   Skills:
 + Level 3.7 Fighting
 + Level 3.9 Maces & Flails
 + Level 2.3 Armour
 + Level 2.4 Dodging
 + Level 0.2 Stealth


You had 3 spell levels left.
You didn't know any spells.

Dungeon Overview and Level Annotations

Branches:
Dungeon (2/15)

Altars:
Vehumet
Xom
Zin


Innate Abilities, Weirdness & Mutations

Your system is resistant to poisons. (rPois)


Message History

You closely miss the gnoll.
The gnoll is heavily wounded.
The gnoll shouts!
The gnoll closely misses you.
The kobold hits you with an enchanted dagger.
You hit the gnoll.
The gnoll is severely wounded.
The gnoll closely misses you.
The kobold hits you with an enchanted dagger.
A gnoll comes into view. It is wielding a spear of venom.
You barely miss the gnoll.
The gnoll is severely wounded.
The gnoll shouts!
The gnoll hits you with a halberd of venom.
The kobold closely misses you. The gnoll hits you with a flail!
* * * LOW HITPOINT WARNING * * *
The kobold throws a stone.
The stone hits you.
* * * LOW HITPOINT WARNING * * *
The gnoll hits you from afar with a halberd of venom.
You die...

P####.# #..._[..##########.#.
P..##.# ###..................#.
P.....## #..........#########.#.
PPP#...####.....⌠....# #.#.
♣.P##....##..........# #######.##
♣PP..........._..._..# #.........
♣..##.####........K..###.#####.##
.P###.# ###......gg.##...## #.#
.## #.# ####...@.g#.......###.#
## #.# #.......###..g.....##(#
#.# #.##.#.## #...........# #.#
#.##.#.# #.........### #.#
#)##...####.#.....#...## #.#
#.###............#.##... #.# #.#
#.#######...###..... #####.####.#
#.# #..#.#.###.. ..>........# #.#
#..##.##....


You could see 3 gnolls and a kobold.

Vanquished Creatures
  2 adders (D:2)
  2 oozes (D:2)
  A worm (D:2)
  2 leopard geckos
  4 bats
  4 giant cockroaches (D:2)
  3 goblins (D:1)
  5 hobgoblins (D:1)
  2 jackals (D:1)
  5 kobolds
  A ball python (D:1)
  4 frilled lizards
  5 rats
40 creatures vanquished.

Notes
Turn   | Place    | Note
-------+----------+-------------------------------------------
     0 | D:1      | asthiss the Human Berserker began the quest for the Orb.
     0 | D:1      | Reached XP level 1. HP: 18/18 MP: 1/1
   126 | D:1      | Reached XP level 2. HP: 24/24 MP: 2/2
   706 | D:1      | Reached XP level 3. HP: 29/29 MP: 3/3
  1104 | D:2      | Gained mutation: Your system is resistant to poisons. (rPois) [potion of beneficial mutation]
  1139 | D:2      | Reached ** piety under Trog
  1329 | D:2      | Found a glowing silver altar of Zin.
  1738 | D:2      | Reached XP level 4. HP: 29/37 MP: 4/4
  1882 | D:2      | Found a radiant altar of Vehumet.
  1884 | D:2      | Found a shimmering altar of Xom.
  2248 | D:2      | HP: 1/37 [kobold/stone (2)]
  2248 | D:2      | Slain by a gnoll

Vault maps used:
D:1:      minmay_arrival_split_and_join
D:2:      grunt_temple_overflow_open, serial_forest, infiniplex_forest_lined_2,
          infiniplex_forest_end_2, infiniplex_forest_clump_large,
          infiniplex_forest_straight_5, infiniplex_forest_clump_C,
          infiniplex_forest_lined_room_2, infiniplex_forest_lined_1,
          infiniplex_forest_diagonal, first_bread, minmay_crystal_room

Action                   |  1- 3 |  4- 6 || total
-------------------------+-------+-------++-------
Melee: Mace              |    90 |    39 ||   129
  Use: Scroll            |     5 |       ||     5
       Potion            |     3 |     1 ||     4
  Eat: Meat ration       |     1 |       ||     1
Armor: Leather armour    |    25 |    15 ||    40
Dodge: Dodged            |    78 |    26 ||   104
